 Dungeon Crawl Stone Soup version 0.31-a0-806-g0bc164a743 (webtiles) character file.

Game seed: 1629732582982749979

313846 Revguard the Metamorph (level 20, -1/289 HPs)
             Began as a Green Draconian Berserker on Sept 21, 2023.
             Was a High Priest of Trog.
             Slain by a small abomination (4 damage)
             ... on level 5 of the Abyss.
             The game lasted 01:53:43 (32071 turns).

Revguard the Metamorph (Green Draconian Berserker) Turns: 32071, Time: 01:53:45

Health: -1/289     AC: 22    Str: 35    XL:     20   Next: 47%
Magic:  10/20      EV: 17    Int:  9    God:    Trog [*****.]
Gold:   2316       SH:  0    Dex: 20    Spells: 19/19 levels left

rFire   . .          .
                       - Unarmed
rCold   + . .        (shield currently unavailable)
rNeg    . . .        (body armour unavailable)
rPois   +            f - melded +2 hat {Will+}
rElec   .            t - melded scarf {repulsion}
rCorr   .            (gloves currently unavailable)
SInv    .            a - melded +1 pair of boots {Fly}
Will    +++..        W - amulet "Loloh" {rC+ Regen+ Str+3 Dex+4}
Stlth   ++           c - +4 ring of slaying
HPRegen 2.48/turn    e - +4 ring of protection
MPRegen 0.17/turn

%: clarity
@: dragon-form, strong-willed, on berserk cooldown, flying, regenerating
A: dragon claw, dragon scales, flying, boosted hp, breathe noxious fumes, AC
+10, giant, unfitting armour, stinger 1, (poison resistance), (cold-blooded),
clarity, passive freeze, no potion heal 1
}: 2/15 runes: decaying, serpentine
a: Breathe Noxious Fumes, Begin Untransformation, Renounce Religion, Berserk,
Trog's Hand, Brothers in Arms


You were on level 5 of the Abyss.
You worshipped Trog.
Trog was extremely pleased with you.
You were a fearsome swamp dragon!
You visited 7 branches of the dungeon, and saw 34 of its levels.
You visited the Abyss 1 time.
You also visited: Bailey and Ice Cave.

You collected 3621 gold pieces.
You spent 1305 gold pieces at shops.

Inventory:

Armour
 a - a +1 pair of boots of flying (melded)
 f - a +2 hat of willpower (melded)
 t - a scarf of repulsion (melded)
Jewellery
 c - a +4 ring of slaying (left foreclaw)
 e - a +4 ring of protection (right foreclaw)
 i - a ring of resist corrosion
 j - a ring of see invisible
 W - the amulet "Loloh" (around neck) {rC+ Regen+ Str+3 Dex+4}
   (You found it on level 5 of the Lair of Beasts)

   [amulet of regeneration]

   Str+3:     It affects your strength (+3).
   Dex+4:     It affects your dexterity (+4).
   rC+:       It protects you from cold.
   Regen+:    It increases your rate of health regeneration.
Talismans
 F - a granite talisman
 K - a maw talisman
 P - a dragon-blood talisman (active)
Wands
 l - a wand of mindburst (14)
 q - a wand of roots (23)
 v - a wand of paralysis (37)
 z - a wand of digging (18)
 C - a wand of polymorph (18)
 L - a wand of flame (62)
Scrolls
 b - a scroll of butterflies
 d - 3 scrolls of brand weapon
 h - 5 scrolls of fog
 p - 7 scrolls of enchant weapon
 r - 5 scrolls of vulnerability
 s - 14 scrolls of teleportation
 w - a scroll of fear
 B - 20 scrolls of identify
 N - 7 scrolls of enchant armour
 S - 4 scrolls of revelation
 T - 8 scrolls of poison
 V - 2 scrolls of silence
 Y - a scroll of torment
Potions
 g - 7 potions of magic
 k - 4 potions of enlightenment
 n - 3 potions of mutation
 u - 2 potions of berserk rage
 x - 2 potions of ambrosia
 D - 13 potions of curing
 E - 2 potions of resistance
 G - 3 potions of invisibility
 H - 7 potions of lignification
 J - 8 potions of haste
 M - 4 potions of heal wounds
 R - 4 potions of might
 X - 2 potions of attraction
Miscellaneous
 m - a lightning rod (4/4)


   Skills:
 + Level 20.1 Fighting
 + Level 15.0 Dodging
 + Level 15.9 Unarmed Combat
 + Level 15.6 Evocations
 * Level 20.4 Shapeshifting


You had 19 spell levels left.
You didn't know any spells.
Your spell library was empty.

Dungeon Overview and Level Annotations

Branches:
Dungeon (15/15)            Temple (1/1) D:6            Lair (5/5) D:9
  Swamp (4/4) Lair:2        Snake (4/4) Lair:3        Slime (0/5) Lair:4
    Orc (2/2) D:10            Elf (3/3) Orc:2        Vaults (0/5) D:13
 Depths (0/4) D:15         Bailey (visited)           IceCv (visited)

Altars:
Ashenzari
Cheibriados
Dithmenos
Elyvilon
Fedhas
Gozag
Hepliaklqana
Kikubaaqudgha
Makhleb
Nemelex Xobeh
Okawaru
Qazlal
Ru
Sif Muna
Trog
Uskayaw
Vehumet
Wu Jian
Xom
Yredelemnul
Zin
The Shining One
Jiyva

Shops:
D:3 ?   D:12 *   D:13 ?   Orc:2 ([*:   Elf:3 [   Snake:1 [   Snake:2 [

Portals:
Trove: D:14 (give +3 storm dragon scales)

Annotations:
D:10 2 transporters


Innate Abilities, Weirdness & Mutations

You are a fearsome swamp dragon!
You have a powerful clawing attack.
Your giant scaled body is strong and resilient, but less evasive.
Your breath weapon is enhanced in this form.
You are flying.
Your maximum health is greatly increased.
Your armour is entirely melded.
You are incapable of wielding weapons or throwing items.
You can breathe blasts of noxious fumes.
Your lurid green scales are hard. (AC +10)
You cannot fit into any form of body armour.
Your tail ends in a venomous barb.
((Your system is resistant to poisons. (rPois)))
((You are cold-blooded and may be slowed by cold attacks.))
You possess an exceptional clarity of mind.
A frigid envelope surrounds you and freezes all who hurt you.
Potions are less effective at restoring your health.


Message History

The fire bat is heavily wounded.
The large abomination completely misses you.
An ancient lich comes into view.
You claw the large abomination!
The large abomination is almost destroyed.
The fire bat misses you.
The large abomination barely misses you.
Unknown command.
You maul the large abomination!!!!
You destroy the large abomination!
Trog accepts your kill. The fire bat misses you.
The starcursed mass shrieks in your mind.
* * * LOW HITPOINT WARNING * * *
Unknown command.
You hit the fire bat.
The fire bat is severely wounded.
The fire bat bites you but does no damage.
The fire bat is very cold.
The fire bat is almost dead.
The fire bat closely misses you. The small abomination hits you!
* * * LOW HITPOINT WARNING * * *
The small abomination is very cold.
The small abomination is moderately damaged.
The ancient lich casts a spell.
The ancient lich flickers and vanishes!
Your skin crawls.
You feel strong-willed. The fire bat bites you.
* * * LOW HITPOINT WARNING * * *
You are engulfed in flames!
* * * LOW HITPOINT WARNING * * *
The fire bat is very cold.
The fire bat is almost dead.
The small abomination barely misses you.
A starcursed mass splits.
The starcursed mass shrieks in your mind.
* * * LOW HITPOINT WARNING * * *
The fire bat barely misses you. The small abomination hits you.
You die...

# ##..... # ⌠#
.# .## #. §b ⌠
. . . ....##.
§§O # . #.. .
..⌠'..§§ # #
.. #. #.⌠'4. #
#..#.
##..#4'##.# ⌠.
#...∩.DT#.##⌠#
. # .
...##.4)b##..#
... .# #. ###
#Dx# #### ..#.
. . 4###X#. .
.. #..#. ##
#.. # . .## .#
. #.# #.#. §
.. #.# # . # .
.


You could see a starcursed mass, a fire dragon, a troll, 3 chaos spawn, a small
abomination and a fire bat (fast, resistant, slow).

Vanquished Creatures
  Saint Roka (Elf:2)
  2 tentacled monstrosities (Swamp:4)
  The ghost of Lyqeoboorr the Warrior, an adept MiFi of the Shining One (Elf:2)
  2 deep elf blademasters
  2 deep elf master archers (Elf:3)
  A titan (Elf:2)
  6 tentacled starspawn
  An Executioner (Abyss:5)
  Kirke (Swamp:2)
  A shadow dragon (D:13)
  A tengu reaver (D:13)
  5 nagarajas
  3 thorn hunters (Swamp:4)
  4 fenstrider witches (Swamp:4)
  The ghost of Couluus the Fighter, a journeyman MiBe of Trog (D:14)
  A balrug (Abyss:3)
  A deep elf sorcerer (Elf:3)
  Louise (Swamp:3)
  A deep elf elementalist (Elf:3)
  5 ghouls
  An orc warlord (Orc:2)
  A reaper (Swamp:4)
  A very ugly thing (Abyss:5)
  The ghost of wamuu the Unseen, a journeyman KoEn of Dithmenos (Swamp:1)
  2 deep elf annihilators (Elf:3)
  A dire elephant (Lair:5)
  A lorocyproca (Abyss:5)
  The ghost of Plog the Carver, a journeyman DsGl of Okawaru (Lair:4)
  A deep elf demonologist (Elf:3)
  3 bunyips
  Azrael (Elf:2)
  The ghost of SkaryMonk the Protected, a journeyman AtWr of Ashenzari (Lair:1)
  6 eleionomae
  A minotaur (Elf:2)
  A green death (Swamp:4)
  A fire dragon (Abyss:5)
  A blizzard demon (Abyss:3)
  4 shambling mangroves
  3 merfolk impalers (Elf:2)
  11 hydras
  3 rakshasas
  2 ogre magi
  A ghost crab (Swamp:1)
  2 ironbound frosthearts (IceCv)
  A merfolk avatar (Lair:5)
  A spriggan air mage (Swamp:4)
  Fannar (Lair:2)
  3 vault guards (D:13)
  14 alligators
  29 dancing weapons
  6 anacondas
  10 centaur warriors
  2 tengu warriors
  5 two-headed ogres
  10 boulder beetles
  3 catoblepae
  A death knight (D:13)
  14 naga warriors
  A deep troll earth mage (D:13)
  12 death yaks
  8 naga sharpshooters
  6 shock serpents
  6 thrashing horrors
  Nergalle (Lair:2)
  21 deep elf knights
  4 salamander mystics
  Amaemon (Lair:2)
  An orc high priest (Elf:2)
  2 soul eaters
  A wretched star (Abyss:5)
  3 skeletal warriors (D:14)
  5 skysharks
  2 sixfirhies
  8 goliath frogs
  A spatial maelstrom (Abyss:4)
  2 death drakes (Swamp:4)
  3 sea snakes
  16 naga ritualists
  5 bog bodies
  An obsidian statue (D:12)
  5 spriggan druids
  2 harpies (Lair:5)
  4 large abominations
  4 swamp dragons
  5 wizards
  2 necromancers
  4 deep elf archers
  4 orc knights
  29 deep elf pyromancers
  12 deep elf zephyrmancers
  10 mana vipers
  A wolf spider zombie (D:15)
  11 ugly things
  2 will-o-the-wisps (Swamp:4)
  17 salamanders
  6 orc sorcerers
  5 cyclopes
  A wolf spider (D:14)
  2 moths of wrath (Lair:1)
  7 manticores
  15 elephants
  A moth of wrath (shapeshifter) (D:13)
  33 black mambas
  A rust devil (Abyss:5)
  4 guardian serpents
  An ice statue (IceCv)
  A torpor snail (Lair:5)
  Maurice (D:8)
  20 naga magi
  2 smoke demons (Abyss:3)
  4 orange demons
  12 cane toads
  2 centaur skeletons (D:15)
  6 unseen horrors
  2 kobold demonologists
  An efreet (D:14)
  12 komodo dragons
  3 rime drakes
  A meliai (shapeshifter) (D:14)
  14 polar bears
  2 ancient zymes (Abyss:5)
  7 starcursed masses
  2 hellwings (Swamp:4)
  12 trolls
  A bloated husk (Swamp:4)
  A wind drake (Lair:5)
  6 tyrant leeches
  14 hornets
  26 blink frogs
  4 raiju (Abyss:3)
  10 dream sheep (Lair:5)
  Prince Ribbit (D:8)
  2 snapping turtles (Lair:5)
  20 slime creatures
  8 wyverns
  2 vampires
  A shadow (D:7)
  9 spriggans
  6 air elementals
  A ynoxinul (Abyss:3)
  A spriggan (shapeshifter) (D:15)
  2 fire bats (Abyss:5)
  A water elemental (Elf:3)
  6 wraiths
  2 hogs (Swamp:2)
  3 basilisks
  64 yaks
  A golden eye (shapeshifter) (Elf:3)
  5 fire elementals
  A death yak simulacrum (Lair:1)
  4 steam dragons
  3 chaos spawn
  A redback simulacrum (D:15)
  21 humans
  2 neqoxecs
  8 vampire mosquitoes
  6 wargs
  2 small abominations (Abyss:5)
  A harpy simulacrum (D:15)
  13 swamp worms
  21 water moccasins
  50 nagas
  2 hell hounds (Elf:2)
  A swamp drake (Swamp:4)
  36 orc warriors
  A sky beast (D:8)
  An ice beast (shapeshifter) (D:14)
  An ice beast (D:6)
  3 black bears
  13 wolves
  5 ogres (Orc:1)
  8 centaurs
  3 phantoms
  3 kobold brigands
  3 gnoll sergeants
  2 scorpions
  9 bullfrogs
  A necrophage (Swamp:4)
  4 earth elementals
  10 wights (D:8)
  18 killer bees
  3 electric eels
  4 howler monkeys
  16 jellies
  7 hounds
  23 orc priests
  A gnoll bouda (D:9)
  5 iguanas
  Jessica (D:2)
  7 hell rats (Lair:5)
  27 orc wizards
  A statue (D:8)
  A wolf simulacrum (Lair:1)
  3 centaur simulacra
  20 gnolls
  8 adders
  A shadow imp (D:5)
  A howler monkey simulacrum (D:9)
  8 white imps
  An ufetubus (D:5)
  A worm (D:2)
  91 orcs
  4 ball pythons
  5 bats
  7 endoplasms
  3 giant cockroaches
  16 goblins
  6 hobgoblins
  3 jackals (D:3)
  4 quokkas
  3 frilled lizards (D:1)
  34 kobolds
  6 rats
1369 creatures vanquished.

Vanquished Creatures (collateral kills)
  A thorn hunter (Swamp:3)
  An orc warlord (Elf:2)
  A ghoul (Swamp:3)
  An eleionoma (Swamp:3)
  A deep elf annihilator (Elf:3)
  2 shambling mangroves (Swamp:4)
  3 salamander tyrants (Snake:4)
  An ogre mage (Swamp:4)
  An alligator (Swamp:4)
  An orc high priest (Orc:2)
  A soul eater (Swamp:4)
  4 skeletal warriors (D:12)
  A salamander mystic (Snake:4)
  A spriggan druid (Swamp:3)
  2 death drakes
  2 deep elf archers (Elf:2)
  A deep elf pyromancer (Elf:2)
  An orc sorcerer (Orc:2)
  A salamander (Snake:4)
  A naga mage (Snake:4)
  A polar bear (D:9)
  2 hornets
  A tyrant leech (Swamp:3)
  3 spriggans (Swamp:3)
  2 yaks (D:8)
  A naga (Snake:4)
  A swamp worm (Swamp:3)
  5 orc warriors
  A kobold brigand (D:9)
  A bullfrog (D:9)
  A killer bee (D:9)
  2 orc priests (Orc:2)
  An orc wizard (Orc:2)
  A white imp (D:9)
  5 orcs (Orc:2)
56 creatures vanquished.

Vanquished Creatures (others)
  A black mamba (Snake:4)
  A naga mage (Snake:4)
  A bloated husk (Swamp:4)
  A hellwing (Swamp:4)
  2 hornets (Swamp:4)
  A shadow (D:13)
  A hog (shapeshifter) (D:13)
  An orc priest (Elf:2)
  6 foxfires (Swamp:4)
  12 starspawn tentacles
27 creatures vanquished.

Grand Total: 1452 creatures vanquished

Notes
Turn   | Place    | Note
-------+----------+-------------------------------------------
     0 | D:1      | Revguard the Draconian Berserker began the quest for the
                  | Orb.
     0 | D:1      | Reached XP level 1. HP: 19/19 MP: 1/1
   558 | D:1      | Reached XP level 2. HP: 26/26 MP: 2/2
   667 | D:2      | Reached skill level 1 in Shapeshifting
   741 | D:2      | Reached skill level 1 in Evocations
   741 | D:2      | Reached XP level 3. HP: 22/31 MP: 3/3
   875 | D:2      | Noticed Jessica
   879 | D:2      | Killed Jessica
   933 | D:2      | Reached ** piety under Trog
   934 | D:2      | Reached XP level 4. HP: 37/40 MP: 4/4
  1135 | D:2      | Identified the +10 sling of Corruption {flame, rF+ MP+9
                  | Str+5 Int-4}
  1604 | D:3      | Found a snail-covered altar of Cheibriados.
  1834 | D:3      | Found Itiregoso's Magic Scroll Boutique.
  1842 | D:3      | Bought a scroll of teleportation for 30 gold pieces
  2289 | D:4      | Reached XP level 5. HP: 46/46 MP: 5/5
  2537 | D:4      | Reached *** piety under Trog
  2793 | D:4      | Reached XP level 6. HP: 52/52 MP: 6/6
  3337 | D:5      | Entered Level 5 of the Dungeon
  3566 | D:5      | Your scales start taking on a lurid green colour.
  3566 | D:5      | Reached XP level 7. HP: 52/60 MP: 7/7
  3566 | D:5      | Gained mutation: Your system is resistant to poisons.
                  | (rPois) [Green Draconian growth]
  3915 | D:5      | Reached skill level 5 in Fighting
  4397 | D:6      | Found a staircase to the Ecumenical Temple.
  4407 | Temple   | Entered the Ecumenical Temple
  4428 | D:6      | Reached XP level 8. HP: 68/68 MP: 8/8
  4611 | D:6      | Reached skill level 5 in Shapeshifting
  4614 | D:6      | Reached skill level 5 in Unarmed Combat
  5172 | D:7      | Reached skill level 5 in Dodging
  5178 | D:7      | Reached XP level 9. HP: 65/77 MP: 9/9
  5187 | D:7      | Reached **** piety under Trog
  5338 | D:7      | Reached skill level 5 in Evocations
  5638 | D:7      | Found a flagged portal.
  5645 | Bailey   | Entered a bailey
  5652 | Bailey   | Noticed an orc knight
  5652 | Bailey   | Noticed an orc knight
  5747 | Bailey   | Killed an orc knight
  5764 | Bailey   | Killed an orc knight
  5765 | Bailey   | Reached XP level 10. HP: 45/86 MP: 10/10
  5792 | Bailey   | Identified the +6 battleaxe of the Rescuing Priest {freeze,
                  | *Noise rElec rF+}
  6591 | D:8      | Noticed Prince Ribbit
  6592 | D:8      | Noticed a two-headed ogre
  6610 | D:8      | Killed Prince Ribbit
  6614 | D:8      | Killed a two-headed ogre
  6679 | D:8      | Found a runed translucent door.
  6679 | D:8      | Noticed a sixfirhy
  6695 | D:8      | Killed a sixfirhy
  6723 | D:8      | Noticed Maurice
  6774 | D:8      | Killed Maurice
  6775 | D:8      | Reached XP level 11. HP: 80/95 MP: 11/11
  7433 | D:8      | Found a radiant altar of Vehumet.
  7672 | D:9      | Found a staircase to the Lair.
  7701 | D:9      | Found a shadowy altar of Dithmenos.
  7838 | D:9      | Found an opulent altar of Gozag.
  7979 | D:9      | Reached ***** piety under Trog
  7979 | D:9      | Noticed a cyan ugly thing
  8009 | D:9      | Killed a cyan ugly thing
  8076 | D:9      | Identified the +5 whip "Dragonbane" {drain, *Slow Str+4
                  | Int+2}
  8270 | D:10     | Entered Level 10 of the Dungeon
  8291 | D:10     | Found a transporter.
  8347 | D:10     | Found a transporter.
  8384 | D:10     | Noticed a two-headed ogre
  8397 | D:10     | Killed a two-headed ogre
  8402 | D:10     | Reached skill level 10 in Shapeshifting
  8613 | D:10     | Found a staircase to the Orcish Mines.
  9625 | D:11     | Reached XP level 12. HP: 104/105 MP: 12/12
  9854 | D:11     | Gained mutation: You possess an exceptional clarity of
                  | mind. [potion of mutation]
  9854 | D:11     | Gained mutation: Potions are less effective at restoring
                  | your health. [potion of mutation]
  9854 | D:11     | Gained mutation: A frigid envelope surrounds you and
                  | freezes all who hurt you. [potion of mutation]
  9975 | D:12     | Found Yshroxt's Elemental Accessories.
  9986 | D:12     | Noticed a tengu warrior
  9999 | D:12     | Killed a tengu warrior
 10000 | D:12     | Reached skill level 10 in Fighting
 10134 | D:12     | Noticed a two-headed ogre
 10140 | D:12     | Killed a two-headed ogre
 10452 | D:12     | Noticed a boulder beetle
 10459 | D:12     | Killed a boulder beetle
 10816 | D:13     | Noticed a centaur warrior
 10816 | D:13     | Noticed a two-headed ogre
 10827 | D:13     | Killed a two-headed ogre
 10830 | D:13     | Killed a centaur warrior
 10876 | D:13     | Noticed a six-headed hydra
 10882 | D:13     | Killed a six-headed hydra
 10888 | D:13     | Reached XP level 13. HP: 114/114 MP: 13/13
 11005 | D:13     | Found Zomeitouck's Magic Scroll Emporium.
 11029 | D:13     | Noticed a tengu reaver
 11033 | D:13     | Killed a tengu reaver
 11193 | D:13     | Reached skill level 10 in Unarmed Combat
 11547 | D:13     | Found a gate to the Vaults.
 11734 | D:13     | Noticed a shadow dragon
 11750 | D:13     | Killed a shadow dragon
 11818 | D:14     | Reached skill level 10 in Evocations
 11827 | D:14     | Gained mutation: Your tail ends in a venomous barb. [Green
                  | Draconian growth]
 11827 | D:14     | Reached XP level 14. HP: 95/125 MP: 14/14
 11888 | D:14     | Reached skill level 10 in Dodging
 11982 | D:14     | Noticed Couluus's ghost (journeyman MiBe)
 11993 | D:14     | Found a transporter.
 12004 | D:14     | Found a transporter.
 12054 | D:14     | Found a portal to a secret trove of treasure.
 12324 | D:14     | Killed Couluus's ghost
 12401 | D:15     | Entered Level 15 of the Dungeon
 12600 | D:3      | Bought a scroll of enchant armour for 75 gold pieces
 12931 | D:15     | Found a hide-covered altar of Uskayaw.
 13322 | D:15     | Reached ****** piety under Trog
 13604 | D:15     | Paralysed by an orc sorcerer for 2 turns
 13703 | D:15     | Found a staircase to the Depths.
 13961 | Orc:1    | Entered Level 1 of the Orcish Mines
 13989 | Orc:1    | Received a gift from Trog
 14421 | Orc:2    | Entered Level 2 of the Orcish Mines
 14550 | Orc:2    | Found Xoecwej's Book Emporium.
 14567 | Orc:2    | Bought a manual of Fighting for 1200 gold pieces
 14680 | Orc:2    | Found Pippost's General Store.
 14860 | Orc:2    | Reached XP level 15. HP: 134/134 MP: 15/15
 14976 | Orc:2    | Received a gift from Trog
 14990 | Orc:2    | Found Zeoza's Antique Weapon Boutique.
 15000 | Orc:2    | Found Gevaurr's Antique Armour Shop.
 15150 | Orc:2    | Found a staircase to the Elven Halls.
 15533 | Lair:1   | Entered Level 1 of the Lair of Beasts
 15660 | Lair:1   | Found a frozen archway.
 15675 | IceCv    | Entered an ice cave
 15722 | IceCv    | Identified the +1 quarterstaff of Distant Shores {heavy,
                  | *Slow Str+5} (Trog gifted it to you in an ice cave)
 15722 | IceCv    | Received a gift from Trog
 16073 | IceCv    | Reached skill level 15 in Shapeshifting
 16364 | Lair:1   | Found a transporter.
 16364 | Lair:1   | Found a transporter.
 16374 | Lair:1   | Found a bloodstained altar of Trog.
 16376 | Lair:1   | Noticed SkaryMonk's ghost (journeyman AtWr)
 16394 | Lair:1   | Killed SkaryMonk's ghost
 16400 | Lair:1   | Received a gift from Trog
 16955 | Lair:2   | Found a staircase to the Swamp.
 17014 | Lair:2   | Noticed Nergalle
 17020 | Lair:2   | Killed Nergalle
 17126 | Lair:2   | Noticed Amaemon
 17136 | Lair:2   | Killed Amaemon
 17409 | Lair:2   | Noticed Fannar
 17421 | Lair:2   | Killed Fannar
 17970 | Lair:3   | Found a staircase to the Snake Pit.
 18387 | Lair:4   | Noticed Plog's ghost (journeyman DsGl)
 18387 | Lair:4   | Found a runed translucent gate.
 18387 | Lair:4   | Found a runed translucent gate.
 18387 | Lair:4   | Found a runed translucent gate.
 18496 | Lair:4   | Found a staircase to the Slime Pits.
 18497 | Lair:4   | Found a viscous altar of Jiyva.
 18770 | Lair:4   | Reached XP level 16. HP: 147/147 MP: 16/16
 19321 | Lair:4   | Killed Plog's ghost
 19332 | Lair:4   | Identified the +7 great sword of Eternal War {venom, Will+}
 19414 | Lair:5   | Entered Level 5 of the Lair of Beasts
 19425 | Lair:5   | Received a gift from Trog
 19432 | Lair:5   | Reached skill level 15 in Fighting
 19596 | Lair:5   | Identified the amulet "Loloh" {rC+ Regen+ Str+3 Dex+4}
 19625 | Lair:5   | Identified the +1 trident "Cuakug" {drain, rPois}
 19941 | Lair:5   | Identified the ring "Weokeaxt" {Wiz rPois Int+3}
 20560 | Swamp:1  | Entered Level 1 of the Swamp
 20561 | Swamp:1  | Found a runed translucent door.
 20561 | Swamp:1  | Noticed wamuu's ghost (journeyman KoEn)
 20578 | Swamp:1  | Killed wamuu's ghost
 20721 | Swamp:1  | Received a gift from Trog
 20812 | Swamp:1  | Found a glowing golden altar of the Shining One.
 21342 | Swamp:2  | Noticed Kirke
 21351 | Swamp:2  | Killed Kirke
 21501 | Swamp:2  | Reached XP level 17. HP: 159/159 MP: 17/17
 21994 | Swamp:3  | Noticed Louise
 22015 | Swamp:3  | Killed Louise
 22353 | Swamp:3  | Identified the +2 leather armour of Pesaf {rN+ Dex+2}
 22364 | Swamp:4  | Entered Level 4 of the Swamp
 22463 | Swamp:4  | Noticed a tentacled monstrosity
 22471 | Swamp:4  | Killed a tentacled monstrosity
 22514 | Swamp:4  | Noticed a tentacled monstrosity
 22526 | Swamp:4  | Killed a tentacled monstrosity
 22593 | Swamp:4  | Received a gift from Trog
 23428 | Swamp:4  | Reached XP level 18. HP: 113/171 MP: 18/18
 23447 | Swamp:4  | Paralysed by a fenstrider witch for 4 turns
 23460 | Swamp:4  | Got a decaying rune of Zot
 23740 | Snake:1  | Entered Level 1 of the Snake Pit
 24025 | Snake:1  | Found Atidgh's Antique Armour Shop.
 25589 | Snake:2  | Found Repusuir's Antique Armour Emporium.
 25772 | Snake:3  | Found a sparkling altar of Nemelex Xobeh.
 27210 | Snake:4  | Entered Level 4 of the Snake Pit
 27585 | Snake:4  | Identified the +1 chain mail "Aqaperump" {+Inv Will+ Int+4
                  | Dex-3}
 27648 | Snake:4  | Received a gift from Trog
 27658 | Snake:4  | Reached XP level 19. HP: 124/182 MP: 19/19
 27881 | Snake:4  | Got a serpentine rune of Zot
 27940 | Snake:4  | Reached skill level 15 in Unarmed Combat
 28243 | Elf:1    | Entered Level 1 of the Elven Halls
 28521 | Elf:1    | Received a gift from Trog
 29252 | Elf:2    | Found a runed translucent gate.
 29253 | Elf:2    | Found a runed translucent gate.
 29266 | Elf:2    | Found a runed translucent gate.
 29334 | Elf:2    | Found a runed translucent gate.
 29334 | Elf:2    | Found a runed translucent gate.
 29335 | Elf:2    | Found a runed translucent gate.
 29339 | Elf:2    | Noticed Lyqeoboorr's ghost (adept MiFi)
 29341 | Elf:2    | Found the +4 consecrated labrys {holy, Valiant Fragile Fly
                  | SInv}
 29342 | Elf:2    | Found an iron altar of Okawaru.
 29342 | Elf:2    | Found the macabre finger necklace {Finger+ rN+}
 29603 | Elf:2    | Identified the +0 leather armour of Gestures {Str+2 Int+3}
 29630 | Elf:2    | Received a gift from Trog
 29739 | Elf:2    | Paralysed by an air elemental for 1 turns
 29741 | Elf:2    | Paralysed by an air elemental for 1 turns
 29857 | Elf:2    | Killed Lyqeoboorr's ghost
 29867 | Elf:2    | Reached skill level 15 in Evocations
 29874 | Elf:2    | HP: 7/250 [merfolk impaler/+0 demon trident of draining
                  | (14)]
 29874 | Elf:2    | HP: 3/244 [merfolk impaler/+0 demon trident of draining
                  | (4)]
 29882 | Elf:2    | HP: 12/244 [deep elf archer/arrow (8)]
 30287 | Elf:2    | Noticed Azrael
 30304 | Elf:2    | Killed Azrael
 30477 | Elf:2    | Received a gift from Trog
 30485 | Elf:2    | Noticed Saint Roka
 30505 | Elf:2    | Killed Saint Roka
 30848 | Elf:2    | Reached XP level 20. HP: 184/184 MP: 20/20
 30967 | Elf:3    | Entered Level 3 of the Elven Halls
 31196 | Elf:3    | Found Fuskosich's Armour Emporium.
 31453 | Abyss:3  | Cast into level 3 of the Abyss (a deep elf sorcerer)
 31560 | Abyss:3  | Identified the +4 ring mail of Borawu Hawk {rN+ Int+7
                  | Dex-3}
 31948 | Abyss:5  | Found a bloodstained altar of Trog.
 32004 | Abyss:5  | Received a gift from Trog
 32005 | Abyss:5  | Reached skill level 15 in Dodging
 32012 | Abyss:5  | Found a corrupted altar of Lugonu.
 32068 | Abyss:5  | Noticed an ancient lich
 32071 | Abyss:5  | HP: 9/289 [fire bat (9)]
 32071 | Abyss:5  | HP: 3/289 [starcursed mass/accursed screaming (6)]
 32071 | Abyss:5  | Slain by a small abomination

Illustrated notes

Levels and vault maps discovered:
D:1:      saegor_arrival_simple_e, layout_loops_cross
D:2:      layout_loops_ring, minmay_heptomino_o4, uniq_jessica
D:3:      layout_basic, lemuel_round_altar, serial_shops, shop,
          kennysheep_decorative_pillar
D:4:      layout_basic, serial_corexii_hall, chequers_hall_statues_corner_a,
          chequers_hall_statues_wall_a, chequers_hall_statues_corner_a,
          chequers_hall_statues_wall_a, chequers_hall_statues_corner_a
D:5:      layout_basic
D:6:      layout_basic, minmay_temple_entry_antechambers,
          minmay_misc_feat_doors, minmay_splitting_lines, hex_large,
          minmay_quadrilaterals
D:7:      layout_gridville, enter_bailey_3
D:8:      cheibrodos_shockbox, layout_basic, vehumet_statue,
          uniq_prince_ribbit1, uniq_maurice
D:9:      layout_gridville, nicolae_overflow_crystal_walls,
          nicolae_overflow_hidden_temple, grunt_lair_entry_orc_guard_hut,
          serial_ice, serial_ice_i, serial_ice_d, serial_ice_a, serial_ice_f,
          grunt_ministairs_2, hangedman_minor_gate_pass
D:10:     layout_stronghold, erik_orc_3, nicolae_diode_stairs
D:11:     layout_irregular_city
D:12:     statuecave_lemuel, layout_loops_ring, nicolae_elemental_shop
D:13:     minmay_chopped_fan, layout_cave_pools, grunt_vaults_entry_tiered,
          serial_shops, shop, minmay_bent
D:14:     layout_basic, nzn_ghost_randoct, nicolae_trove_entry_isolated
D:15:     grunt_enter_depths_magical_seal, layout_long_grid, lemuel_round_altar
Temple:   nicolae_temple_no_exploring_needed
Lair:1:   layout_gridlike, portal_ice_cave_entry_ice_simulacra,
          gammafunk_ghost_wrathful_warriors, grunt_megastairs_4
Lair:2:   layout_misc_corridors, skrybe_swamp_entry_bodies,
          serial_bayou_shore_b, infiniplex_staircase_pool, uniq_fannar,
          uniq_amaemon, uniq_nergalle
Lair:3:   layout_loops_ring, dummy_snake_entry, grunt_megastairs_2
Lair:4:   layout_regular_city, minmay_slime_entry_jelly_boxes,
          gammafunk_ghost_hydra_chop, patterned_corridor
Lair:5:   gammafunk_lair_ancient_temple, layout_misc_corridors
Swamp:1:  layout_falls_marsh, hellmonk_ghost_happy_afterlife,
          evilmike_swamp_ruin_house_2, swamp_pool2, nicolae_swamp_godswood,
          nicolae_swamp_tree_designs
Swamp:2:  layout_falls_marsh, infiniplex_staircase_pool_2, uniq_kirke
Swamp:3:  nicolae_swamp_wrong_neighborhood, layout_basic_swamp,
          nicolae_swamp_some_circles, uniq_louise
Swamp:4:  nzn_swamp_witches_coven, layout_basic_swamp
Snake:1:  layout_gridlike, serial_shops, shop,
          nicolae_snake_serpentine_hallways, serial_bayou_lagoon_a
Snake:2:  layout_cave_shapes, serial_shops, nicolae_shop_behind_doors
Snake:3:  layout_layer_cave, basic_altar
Snake:4:  johnstein_snake_rune_scales, layout_basic
Orc:1:    layout_caves, mines5_lemuel
Orc:2:    grunt_orc_community_town_hall, layout_caves,
          grunt_orc_community_big_house_1, grunt_orc_community_big_house_1,
          grunt_orc_community_house_3, grunt_orc_community_house_2,
          grunt_orc_community_house_3, grunt_orc_community_house_2,
          grunt_orc_community_house_1, grunt_orc_community_house_1, basic_altar,
          nicolae_orc_lava_tube
Elf:1:    nicolae_elf_arrival_aired_out, layout_geoelf_grid,
          hangedman_elven_crosses_minicolossus, lemuel_upstairs_altar
Elf:2:    elven_hall_of_blades_hangedman_original
          [nicolae_vaults_blade_armed_guards], layout_gridlike,
          gammafunk_ghost_fury_of_okawaru, corexii_checkpoint_a,
          uniq_saint_roka, uniq_azrael
Elf:3:    minmay_elf_hall, layout_geoelf_grid, ebering_ghost_xom, serial_shops,
          nicolae_shop_behind_doors
Abyss:5:  base: Orc:1, bh_abyss_exit_grid, hangedman_abyss_feature_spike,
          eino_small_chamber_without_monster,
          due_evilmike_abyss_rune_seething_liches, minivault_5,
          bh_abyss_exit_grid, due_evilmike_abyss_rune_seething_liches

Skill      XL: |  1  2  3  4  5  6  7  8  9 10 11 12 13 14 15 16 17 18 19 20 |
---------------+-------------------------------------------------------------+-----
Shapeshifting  | 1 2 3 4 6 7 9 10 11 13 14 15 16 17 18 19 20 | 20.4
Evocations     | 1 2 3 4 5 6 7 8 10 11 12 13 14 15 | 15.6
Dodging        | 3 4 5 6 7 8 9 10 11 12 13 14 15 | 15.0
Fighting       | 4 5 6 7 8 9 10 11 12 14 16 17 19 20 | 20.1
Unarmed Combat | 4 5 6 7 8 9 10 11 12 13 14 15 | 15.9

Action                     |  1- 3 |  4- 6 |  7- 9 | 10-12 | 13-15 | 16-18 | 19-21 || total
---------------------------+-------+-------+-------+-------+-------+-------+-------++-------
  Melee: Unarmed           |    82 |   189 |   301 |   728 |   787 |   743 |   451 ||  3281
         Tailslap          |     6 |    23 |    43 |   161 |   122 |   116 |    67 ||   538
         Punch             |     1 |     6 |     9 |    46 |    63 |    65 |    47 ||   237
         Maw               |       |       |       |    52 |   119 |       |       ||   171
         Bite              |       |       |       |       |    52 |    76 |    51 ||   179
 Invoke: Trog's Hand       |       |     1 |     2 |     7 |     7 |     8 |     4 ||    29
         Berserk           |       |     1 |     1 |     6 |     7 |     6 |     2 ||    23
         Brothers in Arms  |       |       |       |     4 |     3 |    11 |     4 ||    22
Ability: Breathe Noxious F |       |       |     8 |     9 |    13 |     3 |     5 ||    38
  Evoke: Wand              |       |       |     1 |     1 |     7 |     5 |    13 ||    27
    Use: Scroll            |     1 |    11 |     2 |     5 |     1 |    10 |     3 ||    33
         Potion            |       |     3 |     3 |     7 |     2 |     2 |     3 ||    20
   Stab: Confused          |       |       |     7 |    10 |     8 |     1 |     3 ||    29
         Invisible         |       |       |     5 |       |       |       |       ||     5
         Sleeping          |       |       |     1 |       |     2 |     3 |     2 ||     8
         Paralysed         |       |       |       |       |     4 |       |       ||     4
         Distracted        |       |       |       |       |       |     2 |       ||     2
         Petrified         |       |       |       |       |       |     1 |       ||     1
 Armour: Skin              |    36 |   118 |   147 |   430 |   639 |   827 |   502 ||  2699
  Dodge: Dodged            |    47 |   165 |   406 |   790 |   576 |   741 |   414 ||  3139
         Repelled          |       |       |     1 |    12 |     3 |    24 |    20 ||    60
   Form: Maw               |       |       |       |     1 |     2 |       |       ||     3
         Statue            |       |       |       |       |     2 |     1 |       ||     3
         Dragon            |       |       |       |       |     1 |       |     1 ||     2

Table legend: (Time is in decaauts)
 A = Elapsed time spent in this place.
 B = Non-inter-level travel time spent in this place.
 C = Inter-level travel time spent in this place.
 D = Time resting spent in this place.
 E = Time spent auto-exploring this place.
 F = Levels seen in this place.
 G = Mean time per level.
                   A        B        C        D        E       F      G
               +--------+--------+--------+--------+--------+-----+--------+
         Total |  32804 |  30925 |   1879 |   1486 |  20918 |  39 |  841.1 |
       Dungeon |  13662 |  12619 |   1043 |    218 |   8790 |  15 |  910.8 |
        Temple |      1 |      1 |      0 |      0 |      0 |   1 |    1.0 |
          Lair |   4500 |   4204 |    296 |    106 |   3075 |   5 |  900.0 |
         Swamp |   3130 |   2987 |    143 |    258 |   1851 |   4 |  782.5 |
     Snake Pit |   5239 |   5071 |    168 |    206 |   3695 |   4 | 1309.8 |
  Orcish Mines |   1583 |   1425 |    158 |      0 |   1134 |   2 |  791.5 |
   Elven Halls |   3137 |   3069 |     68 |    692 |   1593 |   3 | 1045.7 |
         Abyss |    586 |    586 |      0 |      5 |    288 |   3 |  195.3 |
        Bailey |    390 |    390 |      0 |      0 |    127 |   1 |  390.0 |
      Ice Cave |    571 |    571 |      0 |      0 |    365 |   1 |  571.0 |
               +--------+--------+--------+--------+--------+-----+--------+

Top non-repeatable levels by time:
   Elf:2: 2038 daAuts
 Snake:3: 1899 daAuts
 Swamp:4: 1177 daAuts
 Snake:4: 1175 daAuts
     D:4: 1174 daAuts
 Snake:2: 1143 daAuts
    D:10: 1090 daAuts
   Orc:2: 1081 daAuts
     D:5: 1065 daAuts
  Lair:5: 1052 daAuts
  Lair:4: 1050 daAuts
     D:7: 1033 daAuts
    D:13: 1026 daAuts
 Snake:1: 1021 daAuts
    D:15: 965 daAuts
